 Dungeon Crawl Stone Soup version 0.27.1-33-g824d729ab1 (webtiles) character file.

Game seed: 9249966865277944607

22 zeram the Caller (level 2, 0/19 HPs)
             Began as a Merfolk Summoner on Dec 14, 2021.
             Slain by a gnoll (7 damage)
             ... on level 1 of the Dungeon.
             The game lasted 00:02:29 (1214 turns).

zeram the Caller (Merfolk Summoner)                 Turns: 1214, Time: 00:02:29

Health: 0/19       AC:  2    Str:  8    XL:     2   Next: 91%
Magic:  3/5        EV: 13    Int: 14    God:
Gold:   39         SH:  0    Dex: 14    Spells: 4/5 levels left

rFire    . . .     SeeInvis .   b - +0 dagger
rCold    . . .     Faith    .   (no shield)
rNeg     . . .     Spirit   .   a - +0 robe
rPois    .         Reflect  .   (no helmet)
rElec    .         Harm     .   (no cloak)
rCorr    .         Rampage  .   (no gloves)
Will     .....                  (no boots)
Stlth    ++........             (no amulet)
HPRegen  0.06/turn              (no ring)
MPRegen  0.09/turn              (no ring)

@: no status effects
A: (nimble swimmer 2), mertail
a: no special abilities


You were on level 1 of the Dungeon.
You visited 1 branch of the dungeon, and saw 1 of its levels.

You collected 39 gold pieces.

Inventory:

Hand Weapons
 b - a +0 dagger (weapon)
Armour
 a - a +0 robe (worn)
Scrolls
 e - a scroll of identify {unknown}
Potions
 c - a potion of degeneration {unknown}
 d - a potion of attraction {unknown}


   Skills:
 + Level 3.0 Dodging
 - Level 2.1 Stealth
 - Level 2.0 Spellcasting
 + Level 4.7 Summonings


You had 4 spell levels left.
You knew the following spells:

 Your Spells              Type           Power      Damage    Failure   Level
a - Summon Small Mammal   Summ           56%        N/A       3%          1

Your spell library contained the following spells:

 Spells                   Type           Power      Damage    Failure   Level
 Call Imp                 Summ           14%        N/A       4%          2
 Call Canine Familiar     Summ           14%        N/A       10%         3
 Summon Guardian Golem    Hex/Summ       8%         N/A       26%         3
 Passwall                 Tmut/Erth      0%         N/A       34%         2
 Swiftness                Air            1%         N/A       56%         3
 Summon Lightning Spire   Summ/Air       8%         N/A       65%         4
 Invisibility             Hex            0%         N/A       100%        6


Dungeon Overview and Level Annotations

Branches:
Dungeon (1/15)

Altars:


Innate Abilities, Weirdness & Mutations

((You are quick and stealthy near water. (Stealth+, EV+, Speed+++)))
Your lower body shifts to a powerful aquatic tail in water.


Message History

A gnoll is nearby!
A gnoll is nearby!
A gnoll is nearby!
The gnoll shouts!
The gnoll hits you but does no damage.
You barely miss the gnoll. The gnoll hits you but does no damage.
You hit the gnoll but do no damage. The gnoll misses you.
You barely miss the gnoll. The gnoll hits you with a +0 club.
You hit the gnoll.
The gnoll is lightly wounded.
The gnoll hits you with a +0 club.
You closely miss the gnoll.
The gnoll is lightly wounded.
The gnoll misses you.
You barely miss the gnoll.
The gnoll is lightly wounded.
The gnoll barely misses you.
Casting: Summon Small Mammal (safe; 3% risk of failure)
Confirm with . or Enter, or press ? or * to list all spells.
The gnoll completely misses you.
Casting: Summon Small Mammal (safe; 3% risk of failure)
Confirm with . or Enter, or press ? or * to list all spells.
The gnoll closely misses you.
Your quokka closely misses the gnoll.
You hit the gnoll.
The gnoll is lightly wounded.
The gnoll hits you with a +0 club.
Your quokka bites the gnoll.
Your rat bites the gnoll.
You hit the gnoll.
The gnoll is heavily wounded.
Your quokka closely misses the gnoll.
The gnoll hits you but does no damage.
Your rat bites the gnoll.
You hit the gnoll.
The gnoll is severely wounded.
Your quokka barely misses the gnoll.
The gnoll hits you with a +0 club.
Your rat bites the gnoll but does no damage.
You hit the gnoll.
The gnoll is severely wounded.
Your quokka barely misses the gnoll.
The gnoll hits you with a +0 club!
You die...

#. #.# ######### #.#
#.......####### #.# #.# ##
#.......#.....#####.#####.# ...
#.......+r..........##....#
...####......##.gr.........#.#...
...#.........+..@..........#.....
......#......#######.[.....#.#...
#.....#....................##....
#.....#..########....#+###.......
#.....#..########.####.#....#....
#........#.........###(#.......##
#...>..................#.....#...
#..................###.....####..
#........##....###...#..)### #.


You could see a gnoll (ally target), a friendly quokka (summoned) and a friendly
rat (summoned).

Vanquished Creatures
  A gnoll (D:1)
  3 ball pythons (D:1)
  A goblin (D:1)
  3 bats (D:1)
  2 frilled lizards (D:1)
  A kobold (D:1)
  A rat (D:1)
12 creatures vanquished.

Vanquished Creatures (collateral kills)
  A ball python (D:1)
  A bat (D:1)
  2 endoplasms (D:1)
  2 goblins (D:1)
  2 quokkas (D:1)
  A kobold (D:1)
9 creatures vanquished.

Grand Total: 21 creatures vanquished

Notes
Turn   | Place    | Note
-------+----------+-------------------------------------------
     0 | D:1      | zeram the Merfolk Summoner began the quest for the Orb.
     0 | D:1      | Reached XP level 1. HP: 13/13 MP: 3/3
   369 | D:1      | Reached XP level 2. HP: 12/19 MP: 1/5
  1214 | D:1      | Slain by a gnoll

Illustrated notes

Levels and vault maps discovered:
D:1:      lemuel_arrival_cross, layout_basic, minmay_statues_item

Skill      XL: |  1  2 |
---------------+-------+-----
Dodging        | 3 |  3.0
Stealth        | |  2.1
Spellcasting   | |  2.0
Summonings     | |  4.7

Action                   || total
-------------------------++-------
Melee: Dagger            ||    67
       Unarmed           ||     1
 Cast: Summon Small Mamm ||    25
 Stab: Sleeping          ||     4
Armor: Robe              ||    22
Dodge: Dodged            ||    70
